[Event "*** Titled Tuesday 3|2 Blitz"]
[Site "Chess.com"]
[Date "2016.01.05"]
[Round "8"]
[White "AUSSIE_PINOY"]
[Black "Colombiano07"]
[Result "0-1"]
[WhiteElo "2300"]
[BlackElo "2177"]
[TimeControl "180+2"]
[EndTime "18:43:50 PST"]
[Termination "Colombiano07 won by checkmate"]

1. c4 g6 2. Nc3 c5 3. Nf3 Bg7 4. d4 cxd4 5. Nxd4 d6 6. e4 Bd7 7. Be3 Nc6 8. Be2 Nf6 9. O-O Nxd4 10. Bxd4 O-O 11. Qd2 Bc6 12. f3 Nd7 13. Be3 Nc5 14. b3 a5 15. Rab1 Qb6 16. Rfc1 Qb4 17. Rc2 a4 18. bxa4 Bxc3 19. Rxb4 Bxd2 20. Bxd2 Rxa4 21.
Rxa4 Bxa4 22. Rb2 Bc6 23. Kf2 Ra8 24. Bb4 Ra4 25. Ke3 Kf8 26. Bd1 Ra8 27. Bc2 Ke8 28.
h4 Kd7 29. g3 e5 30. f4 f6 31. Bb1 Ke6 32. Bc2 h6 33. Bb1 exf4+ 34. gxf4 g5 35. f5+ Ke7 36. hxg5 hxg5 37. Rh2 Rf8 38.
Kd4 Rf7 39. Bxc5 dxc5+ 40. Kxc5 Kd7 41. Kd4 Kd6 42. c5+ Kc7 43. e5 Rd7+ 44. Ke3 fxe5 45. f6 Rf7 46. Rh6 Bd5 47. Bf5 Kc6 48. Bg4 Bxa2 49.
Bh5 Rf8 50. Ke4 Kxc5 51. Kxe5 b5 52. Rh7 Kb4 53. Rb7 Bc4 54. Kf5 Kc3 55. Kxg5 b4 56. Bg6 b3 57. Rb6 Ra8 58. Kh6 b2 59. Kg7 Rg8+ 60.
Kh6 Rxg6+ 61. Kxg6 Bb3 62. f7 b1=Q+ 63. Kg7 Qg1+ 64. Rg6 Qd4+ 65. Rf6 Bxf7 66. Kxf7 Kc4 67. Re6 Qf4+ 68. Ke7 Kd5 69. Rf6 Qc7+ 70. Ke8 Ke5 71.
Rf7 Qc8+ 72. Ke7 Qc5+ 73. Kd7 Qd5+ 74. Ke7 Qe6+ 75. Kf8 Qg6 76. Ke7 Qg5+ 77. Ke8 Ke6 78. Rf8 Qb5+ 79. Kd8 Qb8# 0-1

[Event "*** Titled Tuesday 3|2 Blitz"]
[Site "Chess.com"]
[Date "2016.01.05"]
[Round "8"]
[White "spirals5"]
[Black "RobertoSuardi"]
[Result "1-0"]
[WhiteElo "2232"]
[BlackElo "1954"]
[TimeControl "180+2"]
[EndTime "18:44:01 PST"]
[Termination "spirals5 won by resignation"]

1. e4 Nf6 2. e5 Nd5 3. d4 d6 4.
exd6 exd6 5. Nf3 Be7 6. h3 Bf5 7. a3 O-O 8. c4 Nb6 9. Be2 Bf6 10. O-O Nc6 11. Nc3 Re8 12. b4 Qd7 13. Bf4 Rad8 14. Rc1 Ne7 15. d5 Ng6 16. Bg3 Ne5 17. Nxe5 Bxe5 18. Bxe5 Rxe5 19. Qd4 Rde8 20. Bf3 Qe7 21. c5 Nc8 22. c6 b6 23. Qf4 Bg6 24. Bg4 h5 25. Bxc8 Rxc8 26. Qc4 Re8 27. f4 Re3 28. f5 Bh7 29. Qf4 Qe5 30. Qxe5 R8xe5 31. f6 Bd3 32. Rfd1 gxf6 33. Kf2 f5 34. g3 Kf8 35. Re1 Rxe1 36. Rxe1 Ke7 37. h4 f6 38. Re3 Ba6 39. Kf3 Bc8 40. Kf4 Kd8 41. b5 a5 42. a4 Ke7 43. Kf3 Kf7 44. Kf2 Kg6 45. Rd3 f4 46. gxf4 Re8 47. Re3 Rxe3 48. Kxe3 Bg4 49. Ne4 Bc8 50. Ng3 Bg4 51. Ke4 Bd1 52. f5+ Kf7 53. Kd4 Bxa4 54. Nxh5 Bxb5 55. Nf4 Ba4 56. Ne6 Bc2 57. Nxc7 Bxf5 58. Nb5 Ke7 59.
h5 Bh7 60. h6 Bf5 61. Ke3 a4 62. Kf4 Bd3 63. Na3 b5 64. Nxb5 Bc4 65. h7 Bxd5 66. h8=Q Bxc6 67. Na3 d5 68. Qg7+ Ke6 69.
Qc7 Be8 70. Qb6+ Kf7 71. Qc5 Kg6 72. Qxd5 Bf7 73. Qf5+ Kg7 74. Qd7 Kg6 75. Qxa4 Be6 76.
Qc6 Bh3 77. Qd6 Bg2 78. Nc2 1-0

[Event "*** Titled Tuesday 3|2 Blitz"]
[Site "Chess.com"]
[Date "2016.01.05"]
[Round "9"]
[White "ChessChronicles123"]
[Black "Piccadilly123"]
[Result "1/2-1/2"]
[WhiteElo "1701"]
[BlackElo "1729"]
[TimeControl "180+2"]
[EndTime "18:48:44 PST"]
[Termination "Game drawn by agreement"]

1. Nf3 Nf6 2. g3 g6 3. Bg2 c5 4. O-O Bg7 5. c4 O-O 6. Nc3 Nc6 7.
d3 d5 8. cxd5 Nxd5 9. Nxd5 Qxd5 10. Qc2 Nb4 11. Qc4 Qxc4 12. dxc4 Be6 13. Nd2 Rab8 14.
a3 Nc2 15. Rb1 Nd4 16. e3 Ne2+ 17. Kh1 Nxc1 18. Rfxc1 Rfd8 19. Ne4 b6 20. b4 Bf5 21. bxc5 Bxe4 22. Bxe4 bxc5 23. Rxb8 Rxb8 24. Rb1 Rxb1+ 25. Bxb1 Kf8 26. Kg2 Ke8 27. Kf3 Kd7 28. Ke4 Kd6 29.
g4 Bb2 30. a4 g5 31. f4 gxf4 32. exf4 Bc3 1/2-1/2

[Event "*** Titled Tuesday 3|2 Blitz"]
[Site "Chess.com"]
[Date "2016.01.05"]
[Round "9"]
[White "Jahonas"]
[Black "LePatronn"]
[Result "1-0"]
[WhiteElo "2101"]
[BlackElo "1842"]
[TimeControl "180+2"]
[EndTime "18:49:22 PST"]
[Termination "Jahonas won by checkmate"]

1. d4 Nf6 2. Nf3 e6 3. c4 c5 4.
e3 cxd4 5. exd4 d5 6. Nc3 Bb4 7.
cxd5 exd5 8. Bb5+ Bd7 9. Bxd7+ Qxd7 10. O-O O-O 11. Ne5 Qd8 12. Bg5 Bxc3 13. bxc3 Nbd7 14.
Nxd7 Qxd7 15. Bxf6 gxf6 16. Qf3 Qd6 17. Rab1 b6 18. Rb5 Rfd8 19. Re1 Rac8 20. g3 Rc4 21. Re3 Qc6 22. Rb2 Rc8 23. Rbe2 Rxc3 24. Rxc3 Qxc3 25. Re8+ Kg7 26. Qg4+ Kh6 27. Rxc8 Qe1+ 28. Kg2 f5 29. Qh4+ Kg7 30. Qg5# 1-0

[Event "*** Titled Tuesday 3|2 Blitz"]
[Site "Chess.com"]
[Date "2016.01.05"]
[Round "9"]
[White "oskariot"]
[Black "UltimateCrusher2"]
[Result "1-0"]
[WhiteElo "2312"]
[BlackElo "2033"]
[TimeControl "180+2"]
[EndTime "18:49:39 PST"]
[Termination "oskariot won by resignation"]

1. g3 b6 2. Bg2 d5 3. c4 Bb7 4. Qa4+ Bc6 5. Qc2 d4 6. Bxc6+ Nxc6 7. Nf3 e5 8. O-O Bd6 9. a3 a5 10. e3 Qf6 11. Qe4 Nge7 12. exd4 exd4 13. d3 h6 14.
Nbd2 O-O 15. Qg4 Qf5 16. Qxf5 Nxf5 17. Ne4 Be7 18. Bf4 Rac8 19. Rfe1 g5 20. Bd2 Nd6 21. Nxd6 Bxd6 22. g4 Rfe8 23. Kg2 Kg7 24. Rxe8 Rxe8 25. Re1 Rxe1 26. Nxe1 Ne5 27. h3 c5 28. f4 Ng6 29.
fxg5 hxg5 30. Bxg5 Nf4+ 31. Bxf4 Bxf4 32. b3 Kg6 33. Kf3 Bd2 34. Ng2 f5 35. Nh4+ 1-0

[Event "*** Titled Tuesday 3|2 Blitz"]
[Site "Chess.com"]
[Date "2016.01.05"]
[Round "9"]
[White "JusticeBot"]
[Black "Cecile_Haussernot"]
[Result "1-0"]
[WhiteElo "2454"]
[BlackElo "2185"]
[TimeControl "180+2"]
[EndTime "18:49:51 PST"]
[Termination "JusticeBot won by resignation"]

1. e4 c5 2. c3 Nf6 3. e5 Nd5 4.
d4 cxd4 5. Nf3 e6 6. Bc4 d6 7. cxd4 Be7 8. O-O O-O 9. Qe2 b6 10. Nc3 Nxc3 11. bxc3 Qc7 12. Bd3 Bb7 13. exd6 Bxd6 14.
Bxh7+ Kxh7 15. Ng5+ Kg8 16. Qh5 Rd8 17. Re1 e5 18. dxe5 Bxe5 19. Ba3 Bxh2+ 20. Kh1 Bd6 21. Qh7+ 1-0

[Event "*** Titled Tuesday 3|2 Blitz"]
[Site "Chess.com"]
[Date "2016.01.05"]
[Round "9"]
[White "Colombiano07"]
[Black "AdrianaNikolova"]
[Result "0-1"]
[WhiteElo "2168"]
[BlackElo "2147"]
[TimeControl "180+2"]
[EndTime "18:50:16 PST"]
[Termination "AdrianaNikolova won by checkmate"]

1. d4 Nf6 2. Nc3 e6 3. e4 d6 4. Nf3 Nc6 5. Bb5 a6 6. Bxc6+ bxc6 7. Qe2 h6 8. e5 Nd7 9. d5 cxd5 10. exd6 cxd6 11.
Nxd5 Bb7 12. Nf4 Be7 13. Bd2 Bf6 14. O-O-O Qb6 15. Nd3 Nc5 16. c3 O-O 17. Be3 Nxd3+ 18. Qxd3 Qa5 19. Kb1 Qa4 20. Qxd6 Bd5 21. Qa3 Be4+ 22.
Kc1 Qc2# 0-1

[Event "*** Titled Tuesday 3|2 Blitz"]
[Site "Chess.com"]
[Date "2016.01.05"]
[Round "9"]
[White "alex_zapata"]
[Black "spirals5"]
[Result "0-1"]
[WhiteElo "2196"]
[BlackElo "2242"]
[TimeControl "180+2"]
[EndTime "18:50:51 PST"]
[Termination "spirals5 won by resignation"]

1. e4 c5 2. Nf3 d6 3. d4 cxd4 4. Nxd4 Nf6 5. Nc3 a6 6. Bg5 Nbd7 7. f4 b5 8. Qf3 Bb7 9. O-O-O e6 10. Bd3 b4 11.
Nd5 exd5 12. exd5 Qb6 13. Rhe1+ Kd8 14. Nc6+ Kc7 15. Kb1 Bxc6 16. dxc6 Qxc6 17. Qf2 d5 18. c3 bxc3 19. Rc1 Bb4 20. f5 Kb7 21. Qd4 Qc5 22.
Qh4 Rhe8 23. Red1 h6 24. Bf4 Ne5 25. Bf1 Nc4 26. Bxc4 Qxc4 27. Qf2 Re2 0-1

[Event "*** Titled Tuesday 3|2 Blitz"]
[Site "Chess.com"]
[Date "2016.01.05"]
[Round "9"]
[White "Silent_Terror"]
[Black "wonderfultime"]
[Result "1-0"]
[WhiteElo "2562"]
[BlackElo "2584"]
[TimeControl "180+2"]
[EndTime "18:50:59 PST"]
[Termination "Silent_Terror won by resignation"]

1. e4 c5 2. Nf3 d6 3. d4 cxd4 4. Nxd4 Nf6 5. Nc3 g6 6. Be3 Bg7 7. f3 O-O 8. Qd2 Nc6 9. g4 Be6 10. Nxe6 fxe6 11. O-O-O Ne5 12. Be2 Rc8 13. Nb5 Nc4 14.
Bxc4 Rxc4 15. Nd4 Qd7 16. Qe2 Rfc8 17. c3 b5 18. Kb1 a5 19. Rc1 a4 20. a3 e5 21. Nc2 Qe6 22. Nb4 Nd7 23. h4 Qf7 24.
h5 Rf8 25. hxg6 hxg6 26. Qh2 Nf6 27. Nd5 e6 28. Nb4 d5 29. exd5 exd5 30. Rcd1 Rd8 31. Bg5 d4 32. cxd4 exd4 33. Nd3 b4 34. Ne5 Qd5 35.
Bxf6 1-0

[Event "*** Titled Tuesday 3|2 Blitz"]
[Site "Chess.com"]
[Date "2016.01.05"]
[Round "9"]
[White "Fibrinogen"]
[Black "zanbato17"]
[Result "1-0"]
[WhiteElo "2219"]
[BlackElo "2236"]
[TimeControl "180+2"]
[EndTime "18:51:05 PST"]
[Termination "Fibrinogen won by resignation"]

1. e4 d5 2. exd5 Qxd5 3. Nc3 Qa5 4. Nf3 c6 5. d4 Nf6 6. Bc4 Bf5 7. O-O e6 8. Bb3 Qc7 9. Ne2 Bd6 10. Ng3 Bg6 11. Qe2 O-O 12. Ne5 Nbd7 13. Nxg6 hxg6 14.
Re1 Nd5 15. c4 N5f6 16. Qf3 c5 17. dxc5 Nxc5 18. Bc2 Rad8 19. Bg5 Be7 20. h4 Nh7 21. Bf4 Bd6 22. Be3 Rd7 23. h5 Bxg3 24.
fxg3 gxh5 25. Qxh5 Nf6 26. Qxc5 Qxc5 27. Bxc5 Rc8 28.
Be3 Rxc4 29. Bb3 Re4 30. Bf2 Rxe1+ 31. Bxe1 Ne4 32. Rd1 Rc7 33. Kf1 g6 34. Ke2 b6 35.
Ke3 Nc5 36. Bc2 Nd7 37. Bc3 b5 38. Rh1 e5 39. Bd3 a6 40. g4 Kg7 41. g5 Rc5 42. Be2 Nb6 43. Ke4 Nd7 44. Rd1 Rc7 45.
Bg4 Nc5+ 46. Kxe5 Ne6 47. Bxe6 Re7 48. Kd6+ 1-0

[Event "*** Titled Tuesday 3|2 Blitz"]
[Site "Chess.com"]
[Date "2016.01.05"]
[Round "9"]
[White "Satoshi95"]
[Black "Alliswell998"]
[Result "0-1"]
[WhiteElo "2063"]
[BlackElo "2070"]
[TimeControl "180+2"]
[EndTime "18:51:05 PST"]
[Termination "Alliswell998 won by resignation"]

1. e4 c5 2. Nc3 a6 3. f4 b5 4.
g3 Bb7 5. Bg2 Nf6 6. d3 g6 7.
Nf3 d6 8. O-O Bg7 9. e5 dxe5 10.
fxe5 Nd5 11. e6 fxe6 12. Ng5 Nxc3 13. bxc3 Bxg2 14. Nxe6 Qd5 15. Nxg7+ Kd7 16. Qg4+ Kc6 17. Re1 Bh1 18. Re6+ Kb7 19. Rxe7+ Kb6 20. Qe6+ Nc6 21.
Qxd5 Bxd5 22. Rd7 Rad8 23. Rxd8 Rxd8 24. Bg5 Rg8 25. Bf6 Nb8 26. g4 h6 27. h4 g5 28.
hxg5 hxg5 29. Nf5 Nd7 30. Be7 Re8 31. a3 Kc6 32. Re1 Bf3 33. Ng7 Rg8 34. Ne6 Bxg4 35. Nxg5 Nb6 36. Kf2 Nd5 37. Ne4 Bh3 38. Bh4 Rg2+ 39.
Kf3 Rxc2 40. Rh1 Bg2+ 0-1

[Event "*** Titled Tuesday 3|2 Blitz"]
[Site "Chess.com"]
[Date "2016.01.05"]
[Round "9"]
[White "jcibarra"]
[Black "DanielNaroditsky"]
[Result "0-1"]
[WhiteElo "2526"]
[BlackElo "2562"]
[TimeControl "180+2"]
[EndTime "18:51:11 PST"]
[Termination "DanielNaroditsky won on time"]

1. e4 e5 2. d3 Bc5 3. Nf3 Nc6 4. c3 Nf6 5. b4 Bb6 6. b5 Ne7 7. Nxe5 d5 8. exd5 Nexd5 9. d4 Nxc3 10. Qb3 Qxd4 11. Qxf7+ Kd8 12. Nd3 Re8+ 13. Kd2 Nxb1+ 14. Kc2 Be6 15. Qxg7 Qxa1 16. Bb2 Na3+ 17. Kd2 Nc4+ 18.
Kc3 Ba5+ 19. Kd4 Nxb2 20. Qxf6+ Kc8 21. Be2 Nd1+ 22. Nb2 Qxb2+ 0-1

[Event "*** Titled Tuesday 3|2 Blitz"]
[Site "Chess.com"]
[Date "2016.01.05"]
[Round "9"]
[White "HansCoolNiemann"]
[Black "Penguininja"]
[Result "1-0"]
[WhiteElo "2240"]
[BlackElo "2142"]
[TimeControl "180+2"]
[EndTime "18:51:26 PST"]
[Termination "HansCoolNiemann won by resignation"]

1. d4 d5 2. c4 c6 3. Nf3 e6 4.
e3 Nf6 5. Nbd2 Nbd7 6. Bd3 g6 7.
O-O Bg7 8. e4 dxe4 9. Nxe4 Nxe4 10. Bxe4 O-O 11. Be3 e5 12. d5 f5 13. dxc6 fxe4 14.
cxd7 exf3 15. Qd5+ Kh8 16. dxc8=Q Rxc8 17. Qxd8 Rfxd8 18. b3 fxg2 19. Kxg2 a6 20. Rad1 Bf6 21. Kf3 Kg7 22. Ke4 Kf7 23. Bb6 Re8 24. Rd7+ Re7 25. Rfd1 Rc6 26. Be3 Ke6 27. Rxe7+ Bxe7 28. Rd5 Bf6 29. Bd2 Rd6 30. Bc3 Rc6 31. a4 b5 32.
axb5 axb5 33. Rxb5 Rd6 34. Rd5 Rb6 35. b4 Rc6 36. c5 Rc8 37. b5 Ra8 38. Bxe5 Ra4+ 39. Rd4 Ra1 40. Rd6+ 1-0

[Event "*** Titled Tuesday 3|2 Blitz"]
[Site "Chess.com"]
[Date "2016.01.05"]
[Round "9"]
[White "nijat_a"]
[Black "LyonBeast"]
[Result "1/2-1/2"]
[WhiteElo "2742"]
[BlackElo "2757"]
[TimeControl "180+2"]
[EndTime "18:52:00 PST"]
[Termination "Game drawn by agreement"]

1. d4 Nf6 2. c4 g6 3. Nc3 d5 4.
cxd5 Nxd5 5. Nf3 Bg7 6. Na4 Nb6 7.
e4 O-O 8. Be3 Bg4 9. Be2 Nc6 10.
d5 Ne5 11. Nxe5 Bxe2 12. Qxe2 Nxa4 13. f4 c6 14. b3 Nb6 15. dxc6 Bxe5 16. fxe5 bxc6 17.
O-O Qc8 18. Bh6 Rd8 19. Rf3 Qg4 20. Raf1 Qh5 21. Qe3 Nd7 22. Rxf7 Nxe5 23. Rg7+ Kh8 24. Rxe7 Rd1 25. Bg7+ Kg8 26. Qf2 Rxf1+ 27. Qxf1 Qg5 28.
Rxe5 Qe3+ 29. Kh1 Kxg7 30. Re7+ Kh6 31. Re6 Rd8 32. Rxc6 Rd2 33. Rc1 Rf2 34. Qe1 Qxe1+ 35. Rxe1 Rxa2 36. h3 1/2-1/2

[Event "*** Titled Tuesday 3|2 Blitz"]
[Site "Chess.com"]
[Date "2016.01.05"]
[Round "9"]
[White "MasterLeif"]
[Black "chesstatour"]
[Result "1-0"]
[WhiteElo "2324"]
[BlackElo "1922"]
[TimeControl "180+2"]
[EndTime "18:52:02 PST"]
[Termination "MasterLeif won by checkmate"]

1. e4 c6 2. d4 d5 3. e5 Bf5 4. h4 h6 5. g4 Bh7 6. e6 Nf6 7. exf7+ Kxf7 8. g5 Ne4 9. Nf3 Nd7 10. Bd3 e6 11. Nc3 Bb4 12. Bd2 Bxc3 13. bxc3 Bf5 14. Qe2 h5 15. c4 g6 16. Rb1 b6 17.
cxd5 exd5 18. Ne5+ Nxe5 19. dxe5 Re8 20. f4 Ng3 21.
Qf3 Nxh1 22. Bxf5 gxf5 23. Qxh5+ Ke6 24. Qg6+ Kd7 25. Qd6+ Kc8 26. Qxc6+ Kb8 27. Bb4 a6 28. Bd6+ Ka7 29. Bc7 Rb8 30. Rxb6 Re6 31. Rxa6# 1-0

[Event "*** Titled Tuesday 3|2 Blitz"]
[Site "Chess.com"]
[Date "2016.01.05"]
[Round "9"]
[White "StellarChessPro"]
[Black "saraswathii"]
[Result "1-0"]
[WhiteElo "2245"]
[BlackElo "1947"]
[TimeControl "180+2"]
[EndTime "18:52:12 PST"]
[Termination "StellarChessPro won by resignation"]

1. d4 Nc6 2. Nf3 d5 3. e3 Bf5 4. a3 e6 5. c4 Nf6 6. Nc3 Be7 7. Ne5 O-O 8. Be2 dxc4 9. Nxc6 bxc6 10. Bxc4 c5 11. d5 exd5 12. Nxd5 c6 13. Nxe7+ Qxe7 14. O-O Rad8 15. Qe2 Ne4 16. f3 Nd6 17. Ba2 c4 18. e4 Be6 19. Bf4 Nb5 20. Be3 Rd3 21. Rac1 Nd4 22.
Bxd4 Rxd4 23. Rc2 Qc5 24. Qf2 Rfd8 25. h3 Qb6 26. Kh2 c5 27. Rfc1 Qd6+ 28. Qg3 Qxg3+ 29. Kxg3 Rd2 30. Bxc4 Bxc4 31. Rxd2 Rxd2 32. Rxc4 Rxb2 33.
Rxc5 g6 34. Rc8+ Kg7 35. Rc7 a5 36. Rc5 a4 37. Rc4 h5 38. h4 Rb3 39. Rxa4 Rc3 40. Ra6 Rb3 41. Kf4 Rb2 42. g3 Rb3 43. a4 Ra3 44. e5 Rb3 45. Ra7 Rb4+ 46. Ke3 Rb3+ 47. Ke4 Rb4+ 48. Kd5 Rb3 49. f4 Rb4 50. e6 Kf8 51.
Rxf7+ Ke8 52. Ke5 Rxa4 53. Rg7 Ra5+ 54. Kf6 Kd8 55. Rg8+ Kc7 56. e7 1-0

[Event "*** Titled Tuesday 3|2 Blitz"]
[Site "Chess.com"]
[Date "2016.01.05"]
[Round "9"]
[White "nfds"]
[Black "pedromartinez91"]
[Result "0-1"]
[WhiteElo "2325"]
[BlackElo "2116"]
[TimeControl "180+2"]
[EndTime "18:52:14 PST"]
[Termination "pedromartinez91 won by resignation"]

1. d4 d5 2. Nf3 Nf6 3. g3 e6 4. Bg2 Be7 5. c4 dxc4 6. Nbd2 b5 7. Ne5 Nd5 8. O-O O-O 9. e4 Nb4 10. a3 Qxd4 11. Nef3 Qb6 12. axb4 Bxb4 13. Nb1 Bb7 14. Be3 c5 15. Qc2 Nc6 16. e5 a5 17. Ng5 g6 18. Qe4 h6 19. Nxe6 Nd8 20. Nxf8 Bxe4 21. Bxe4 Ra7 22. Bxh6 Ne6 23. Nxe6 Qxe6 24. Nc3 Bxc3 25.
bxc3 Qxe5 26. Bg2 b4 27. Rfe1 Qxc3 28. Rac1 Qf6 29. Re8+ Kh7 30. Bf4 Re7 31. Ra8 c3 32.
h4 b3 33. Bg5 b2 34. Rf1 Qxg5 35. hxg5 c2 36. Bf3 c1=Q 37. Bd1 0-1

[Event "*** Titled Tuesday 3|2 Blitz"]
[Site "Chess.com"]
[Date "2016.01.05"]
[Round "9"]
[White "cheese111"]
[Black "DeviatkinAndrey"]
[Result "1-0"]
[WhiteElo "2292"]
[BlackElo "2457"]
[TimeControl "180+2"]
[EndTime "18:52:50 PST"]
[Termination "cheese111 won by resignation"]

1. e4 d5 2. exd5 Nf6 3. Nf3 Nxd5 4. d4 g6 5. Be2 Bg7 6. O-O O-O 7.
c4 Nb6 8. h3 Nc6 9. Be3 e5 10. d5 Ne7 11. Nc3 Nf5 12. Bg5 f6 13. Bd2 c5 14. Ne4 Nd7 15. b4 Qc7 16. bxc5 Nxc5 17. Nxc5 Qxc5 18. Rb1 b6 19. Bb4 Qc7 20. Bxf8 Bxf8 21. Nd2 Nd4 22. Ne4 Kg7 23. Bf3 f5 24. Ng5 Bc5 25. d6 Qd8 26. Bxa8 Qxg5 27. Kh1 Bxd6 28. f4 Qg3 29. Qe1 exf4 30. Qxg3 fxg3 31. Rbd1 Bc5 32. Rfe1 Bd7 33. Rxd4 Bxd4 34. Re7+ Kf6 35. Rxd7 Bf2 36. Rxa7 h5 37. Bf3 h4 38. Ra6 Kg5 39. a4 Be3 40. a5 bxa5 41. Rxa5 Kf4 42. Rd5 g5 43. Rd3 Bc5 44. Rd5 Be3 45. Be2 Ke4 46.
Bd3+ 1-0

[Event "*** Titled Tuesday 3|2 Blitz"]
[Site "Chess.com"]
[Date "2016.01.05"]
[Round "9"]
[White "LADIESGET2KNOWME"]
[Black "chess4life23"]
[Result "0-1"]
[WhiteElo "2280"]
[BlackElo "2181"]
[TimeControl "180+2"]
[EndTime "18:52:51 PST"]
[Termination "chess4life23 won on time"]

1. d4 Nf6 2. c4 g6 3. Nc3 Bg7 4. e4 d6 5. Nf3 O-O 6. Be2 e5 7. O-O Nc6 8. d5 Ne7 9. Ne1 Nd7 10. Be3 f5 11. f3 f4 12. Bf2 g5 13. Rc1 Ng6 14. c5 Rf7 15. cxd6 cxd6 16. Nb5 Nf6 17.
Nxa7 Bd7 18. Qb3 g4 19. Qxb7 g3 20. hxg3 fxg3 21. Bxg3 Nh5 22. Bf2 Ngf4 23. Bb5 Bxb5 24. Qxb5 Qg5 25. Rc8+ Rxc8 26. Nxc8 Nxg2 27. Nxg2 Nf4 28.
Bg3 Qxg3 29. Rf2 Nh3+ 30. Kh1 Nxf2+ 31. Kg1 Nh3+ 32. Kh1 Nf4 33. Nxf4 Rxf4 34. Qe8+ Bf8 35. Ne7+ Kh8 0-1

[Event "*** Titled Tuesday 3|2 Blitz"]
[Site "Chess.com"]
[Date "2016.01.05"]
[Round "9"]
[White "MinhGTrAn"]
[Black "jlandaw"]
[Result "1-0"]
[WhiteElo "2542"]
[BlackElo "2347"]
[TimeControl "180+2"]
[EndTime "18:52:52 PST"]
[Termination "MinhGTrAn won by resignation"]

1. d4 Nf6 2. Bg5 Ne4 3. Bf4 c5 4. f3 Qa5+ 5. c3 Nf6 6. Nd2 cxd4 7. Nb3 Qf5 8. Bxb8 Rxb8 9. Qxd4 b6 10. e4 Qh5 11. Ne2 d6 12. g4 Qh4+ 13. Ng3 h5 14.
O-O-O hxg4 15. f4 Qh6 16. e5 Nd7 17. Bb5 g5 18. exd6 Bg7 19. Qe3 e6 20. fxg5 Qh4 21.
Kb1 Kf8 22. Ka1 a6 23. Bc6 Ne5 24. d7 Nxd7 25. Bxd7 Bb7 26. Rhf1 Bf3 27. Qf4 Rb7 28. Bxe6 Bxd1 29. Rxd1 Kg8 30. Rd8+ Bf8 31. a3 Qxh2 32. g6 Rh5 33. Bxf7+ Kg7 34. Qd4+ Kh6 35. Qh8+ Kg5 36. Qxh5+ Qxh5 37. Nxh5 Kxh5 38. g7+ 1-0

[Event "*** Titled Tuesday 3|2 Blitz"]
[Site "Chess.com"]
[Date "2016.01.05"]
[Round "9"]
[White "AlexanderL"]
[Black "RitchieBlackmore"]
[Result "0-1"]
[WhiteElo "2589"]
[BlackElo "2486"]
[TimeControl "180+2"]
[EndTime "18:53:02 PST"]
[Termination "RitchieBlackmore won by resignation"]

1. d4 d6 2. e4 e5 3. dxe5 dxe5 4. Qxd8+ Kxd8 5. Bc4 f6 6. Be3 c6 7. Nd2 Kc7 8. f4 Nd7 9. Ngf3 Bd6 10. fxe5 Nxe5 11. O-O-O Ne7 12. Nxe5 Bxe5 13. Nf3 Ng6 14. Nxe5 Nxe5 15.
Bb3 a5 16. a4 Bg4 17. Rd2 Rad8 18. Bf4 Bh5 19. Re1 Rhe8 20. h3 Kc8 21. Rxd8+ Kxd8 22. Re3 Bg6 23. c3 Bxe4 24. Bc2 Bxc2 25. Kxc2 Kd7 26. Re1 g5 27. Bg3 Re6 28. Re4 h5 29. b3 h4 30. Bh2 c5 31. Re2 c4 32. Rd2+ Kc6 33.
Rd4 cxb3+ 34. Kxb3 Nd7 35. Bg1 Nc5+ 36. Ka3 Re1 37. Bh2 Re4 38. Rd6+ Kc7 39. Rxf6+ Kc8 40. Rf5 Rxa4+ 41. Kb2 Ne6 42. Re5 Kd7 43. Rd5+ Ke8 44. Re5 Kf7 45. Rb5 Re4 46. Rxb7+ Kf6 47. Bd6 Re2+ 48.
Kb3 Rxg2 49. c4 Nf4 50. c5 Ke6 51. Kc4 Nxh3 52. Re7+ Kf6 53. Re3 Nf4 54. c6 Rc2+ 55. Kb5 Ne6 56. Rf3+ Kg6 57. Be5 Rc5+ 58. Kb6 Rxe5 59. c7 Nxc7 60. Kxc7 g4 0-1

[Event "*** Titled Tuesday 3|2 Blitz"]
[Site "Chess.com"]
[Date "2016.01.05"]
[Round "9"]
[White "Quiet_Desperation"]
[Black "RobertoSuardi"]
[Result "0-1"]
[WhiteElo "2113"]
[BlackElo "1985"]
[TimeControl "180+2"]
[EndTime "18:53:49 PST"]
[Termination "RobertoSuardi won by resignation"]

1. e4 Nf6 2. e5 Nd5 3. Nf3 d6 4. exd6 exd6 5. d4 Be7 6. h3 O-O 7. Be2 Bf5 8. O-O Bf6 9. c3 Nc6 10. Bc4 Nb6 11. Be2 Qd7 12. Nh2 Rae8 13. Ng4 Bd8 14. Na3 Nd5 15. Nc4 Nf6 16. Nce3 Bg6 17. b3 Nxg4 18. Bxg4 f5 19. Bf3 Bg5 20. Nd5 Bd8 21.
Bf4 Kh8 22. Qd2 b6 23. Rae1 Ne7 24. Ne3 Ng8 25. a4 a5 26. c4 Nf6 27. Nd5 Rxe1 28. Rxe1 Re8 29. Nxf6 Bxf6 30. Rxe8+ Qxe8 31. Bd5 Qe7 32. Bc6 Be8 33. Bxe8 Qxe8 34. d5 g6 35. Qe3 Qxe3 36. Bxe3 Kg7 37. Kf1 Kf7 38. Ke2 Ke7 39.
Kd3 Kd7 40. Bh6 Be5 41. Bg5 Bg7 42. Bf4 Bb2 43. Bd2 Bf6 44. Be3 Bb2 45. Ke2 Bf6 46.
Kf3 Ke7 47. Bf4 Kf7 48. Be3 Ke7 49. g4 fxg4+ 50. Kxg4 h5+ 51. Kf3 Kf7 52. Ke4 Be7 53. f4 Kf6 54. Bd4+ Kf7 55. Be3 Bf6 56. Bf2 Be7 57. Be3 Bf6 58. Bd2 Be7 59. b4 axb4 60. Bxb4 Bf6 61. a5 bxa5 62. Bxa5 Bd8 63. Bc3 Bh4 64. Ba5 Bd8 65. Kd4 c5+ 66. dxc6 Bxa5 67. Kd5 Ke7 68. c5 dxc5 69. Kxc5 Bc7 70. Kd5 Bxf4 71. Ke4 g5 72. Kf3 h4 73. Kg4 Kd6 74. Kh5 Kxc6 75. Kg4 Kd5 76. Kf5 0-1

[Event "*** Titled Tuesday 3|2 Blitz"]
[Site "Chess.com"]
[Date "2016.01.05"]
[Round "9"]
[White "Assasin14"]
[Black "tac49"]
[Result "0-1"]
[WhiteElo "1998"]
[BlackElo "2426"]
[TimeControl "180+2"]
[EndTime "18:54:34 PST"]
[Termination "tac49 won by resignation"]

1. e4 d5 2. exd5 Qxd5 3. Nf3 Nc6 4. d4 Bg4 5. Nc3 Qh5 6. Be2 O-O-O 7. Be3 Nf6 8. h3 e5 9. Rg1 Nxd4 10. Bxd4 Bxf3 11. Bxf3 Qg6 12. Bg4+ Nxg4 13. Qxg4+ Qxg4 14. hxg4 Rxd4 15. f3 Bc5 16. Ke2 h5 17. gxh5 Rxh5 18. Ne4 Rxe4+ 19.
fxe4 Bxg1 20. Rxg1 Kd7 21. Kf3 Ke6 22. Rd1 Rh4 23.
Rd8 a5 24. Rc8 Kd7 25. Rf8 Rf4+ 26. Ke3 b6 27. Rg8 g6 28. Rf8 Rf1 29. Ke2 Rf6 30.
Ke3 Ke7 31. Rc8 Rc6 32. c3 Ke6 33. Re8+ Kf6 34. g4 Kg5 35. Rxe5+ Kxg4 36. Re7 f5 37.
exf5 Kxf5 38. Rf7+ Kg4 39. Rg7 g5 40. Ke4 a4 41.
Kd5 Rc5+ 42. Ke4 a3 43. bxa3 Rxc3 44. a4 Rc4+ 45. Ke3 Rxa4 46. Rxc7 Rxa2 47. Rc4+ Kg3 48. Rb4 Ra3+ 49. Ke2 g4 50. Rxb6 Kg2 51. Ke1 Re3+ 52.
Kd2 Re8 53. Rb3 g3 54. Kd3 Kf2 55. Rb2+ Kf3 56. Kd4 g2 57. Rb3+ Kf2 58. Rb2+ Re2 59. Rb1 g1=Q 60. Rxg1 Kxg1 61. Kd3 Kf2 0-1

[Event "*** Titled Tuesday 3|2 Blitz"]
[Site "Chess.com"]
[Date "2016.01.05"]
[Round "9"]
[White "tigra"]
[Black "Hikaru"]
[Result "0-1"]
[WhiteElo "2328"]
[BlackElo "2875"]
[TimeControl "180+2"]
[EndTime "18:54:38 PST"]
[Termination "Hikaru won by resignation"]

1. e4 b6 2. d4 Bb7 3. Bd3 e6 4. Nf3 d5 5. e5 c5 6. c3 Qd7 7.
Qe2 Ne7 8. b4 c4 9. Bc2 a5 10.
bxa5 b5 11. a4 Rxa5 12. Ba3 bxa4 13. Bd6 Na6 14. Ng5 Ng6 15. Bxf8 Nxf8 16. f4 g6 17. h4 h6 18. Nh3 h5 19. Nf2 Bc6 20. Kd2 Qe7 21.
Na3 Nd7 22. g4 hxg4 23. Qxg4 Kd8 24. h5 f5 25. Qxg6 Nf8 26. Qg5 Be8 27. Rag1 Nc7 28. Qxe7+ Kxe7 29. Rg7+ Bf7 30. h6 Ne8 31. Rg5 Ng6 32.
Ke3 Nc7 33. h7 Kf8 34. Ng4 Ne8 35. Nf6 Nxf6 36. exf6 Be8 37. Rh6 Ra7 38. Rgxg6 Bxg6 39. Rxg6 Raxh7 40. Bxa4 Rh2 41. Rg3 Ra2 42. Nxc4 dxc4 43. Bb5 Rc2 44. Bxc4 Rxc3+ 45. Bd3 Kf7 46. d5 Rd8 47.
dxe6+ Kxf6 48. Ke2 Re8 49. Rh3 Rxe6+ 50. Kd2 Rc5 51.
Rh6+ Ke7 52. Rh5 Rd6 53. Ke2 Rdd5 54. Rh7+ Kf6 55. Rh6+ Kg7 56. Rh5 Ra5 57. Rg5+ Kf6 58. Bc4 Rd4 59. Bb3 Rxf4 60. Rg8 Re5+ 61. Kd2 Rf2+ 62. Kd1 Rh2 63. Bc4 Ra5 64. Rf8+ Kg5 65. Rg8+ Kf4 0-1